 Dungeon Crawl Stone Soup version 0.28.0-62-gf88900778d (webtiles) character file.

Game seed: 2536412515128833267

242 Froggeryz the Ruffian (level 5, -2/42 HPs)
             Began as a Demonspawn Abyssal Knight on Jan 29, 2024.
             Was a Follower of Lugonu.
             Slain by Crazy Yiuf
             ... wielding a +2 quarterstaff of chaos
              (12 damage)
             ... on level 2 of the Dungeon.
             The game lasted 00:01:51 (2678 turns).

Froggeryz the Ruffian (Demonspawn Abyssal Knight)   Turns: 2678, Time: 00:01:52

Health: -2/42      AC:  6    Str: 16    XL:     5   Next: 81%
Magic:  6/6        EV: 11    Int: 11    God:    Lugonu [*.....]
Gold:   133        SH:  0    Dex: 13    Spells: 4/4 levels left

rFire   . . .      SeeInvis .     - Unarmed
rCold   . . .      Faith    .   (no shield)
rNeg    . . .      Spirit   .   f - +0 scale mail
rPois   .          Reflect  .   (no helmet)
rElec   .          Harm     .   (no cloak)
rCorr   .          Rampage  .   (no gloves)
Will    .....                   (no boots)
Stlth   ..........              (no amulet)
HPRegen 0.14/turn               (no ring)
MPRegen 0.10/turn               (no ring)

@: invisible
A: claws 1, repulsion field 1, foul stench 1
a: Renounce Religion, Depart the Abyss


You were on level 2 of the Dungeon.
You worshipped Lugonu.
Lugonu was aware of your devotion.
You visited 1 branch of the dungeon, and saw 2 of its levels.
You visited the Abyss 1 time.

You collected 133 gold pieces.

Inventory:

Missiles
 a - 4 javelins
Armour
 f - a +0 scale mail (worn)
Scrolls
 b - a scroll of identify
 c - a scroll of teleportation {unknown}
 e - a scroll of immolation {unknown}
 g - a scroll of amnesia
 h - a scroll of fog {unknown}
Potions
 d - 2 potions of curing {unknown}
 i - a potion of invisibility
 j - a potion of heal wounds {unknown}


   Skills:
 + Level 4.1 Fighting
 + Level 3.1 Armour
 - Level 0.8 Dodging
 * Level 4.1 Unarmed Combat
 - Level 2.4 Invocations


You had 4 spell levels left.
You didn't know any spells.
Your spell library contained the following spells:

 Spells                   Type           Power      Damage    Failure   Level
 Gell's Gravitas          Tloc           0%         N/A       98%         3
 Teleport Other           Tloc           0%         N/A       98%         3
 Dispersal                Tloc           0%         N/A       100%        6


Dungeon Overview and Level Annotations

Branches:
Dungeon (2/15)

Altars:

Annotations:
D:2 Crazy Yiuf


Innate Abilities, Weirdness & Mutations

You have sharp fingernails.
You are surrounded by a mild repulsion field. (EV +2)
You may rarely emit foul miasma when damaged in melee.


Message History

You have reached level 5!
Your demonic ancestry asserts itself...
Your fingernails lengthen.
Things that are here:
a +0 scythe; a +0 robe; the human corpse of Sigmund You now have 133 gold pieces (gained 15).
Things that are here:
a +0 scythe; a +0 robe; the human corpse of Sigmund
Things that are here:
a +0 scythe; a +0 robe; the human corpse of Sigmund Key pressed, stopping explore.
Crazy Yiuf shouts!
Things that are here:
a +0 hand axe; 4 stones Crazy Yiuf shouts!
Could not explore, unopened runed door.
Could not explore, unopened runed door.
You open the door.
You scratch Crazy Yiuf but do no damage.
Crazy Yiuf closely misses you.
You claw Crazy Yiuf!
Crazy Yiuf is moderately wounded.
You closely miss Crazy Yiuf.
Crazy Yiuf is moderately wounded.
Crazy Yiuf hits you with a +2 quarterstaff of chaos.
You fade into invisibility!
You catch the helpless Crazy Yiuf completely off-guard!
You scratch Crazy Yiuf.
Crazy Yiuf is heavily wounded.
Crazy Yiuf barely misses you.
You strike the helpless Crazy Yiuf from behind!
You scratch Crazy Yiuf.
Crazy Yiuf is heavily wounded.
Crazy Yiuf hits you with a +2 quarterstaff of chaos!
You are electrocuted!!
* * * LOW HITPOINT WARNING * * *
You closely miss Crazy Yiuf.
Crazy Yiuf is heavily wounded.
Crazy Yiuf hits you with a +2 quarterstaff of chaos!
You die...

.......##..#####..##
...^...##..# #....#
....(..##..# #....#
....##.###.# ##...#
#...##.# #.# ##.##
.......# #.# ##.#
.......# #.# #.##
.......# #.# ##.#
....##.###.# #@##
....##.....# #g#
.......##### ...
.....### #...#
######### ##...#
#)..# #.......####
#...# ### #####
##.#.....)#. #...#
#.# #..#.##.#.#.
#...# #.#
############.##.#.#.
#...# #.#
#.............#...).


You could see Crazy Yiuf.

Vanquished Creatures
  Sigmund (D:2)
  Jessica (D:2)
  An adder (D:2)
  3 worms (D:2)
  2 dart slugs
  A bat (D:1)
  3 endoplasms (D:1)
  4 giant cockroaches
  5 goblins (D:1)
  3 hobgoblins (D:1)
  3 quokkas
  2 ball pythons (D:2)
  5 frilled lizards
  2 kobolds
  2 rats (D:1)
38 creatures vanquished.

Notes
Turn   | Place    | Note
-------+----------+-------------------------------------------
     0 | Abyss:1  | Froggeryz the Demonspawn Abyssal Knight began the quest for
                  | the Orb.
     0 | Abyss:1  | Reached XP level 1. HP: 18/18 MP: 2/2
    26 | Abyss:1  | Noticed a spatial vortex
    27 | D:1      | Escaped the Abyss
   103 | D:1      | Reached * piety under Lugonu
   385 | D:1      | Gained mutation: You may rarely emit foul miasma when
                  | damaged in melee. [demonic ancestry]
   385 | D:1      | Reached XP level 2. HP: 24/24 MP: 3/3
  1027 | D:1      | Found a faded altar of an unknown god.
  1174 | D:2      | Reached XP level 3. HP: 21/29 MP: 4/4
  1404 | D:2      | Noticed Jessica
  1417 | D:2      | Killed Jessica
  1418 | D:2      | Gained mutation: You are surrounded by a mild repulsion
                  | field. (EV +2) [demonic ancestry]
  1418 | D:2      | Reached XP level 4. HP: 5/35 MP: 5/5
  2284 | D:2      | Found a runed translucent door.
  2285 | D:2      | Noticed Crazy Yiuf
  2352 | D:2      | Noticed Sigmund
  2359 | D:2      | Killed Sigmund
  2360 | D:2      | Gained mutation: You have sharp fingernails. [demonic
                  | ancestry]
  2360 | D:2      | Reached XP level 5. HP: 27/42 MP: 6/6
  2678 | D:2      | Slain by Crazy Yiuf

Illustrated notes

Levels and vault maps discovered:
D:1:      scummos_arrival_forest, layout_basic, ebering_ecumenical_altar_ruins
D:2:      layout_loops_cross, corexii_item_surrounded_by_moat,
          uniq_crazy_yiuf_cottage, uniq_sigmund, uniq_jessica

Skill      XL: |  1  2  3  4 |
---------------+-------------+-----
Unarmed Combat | 2 3 4 |  4.1
Armour         | 2 3 |  3.1
Fighting       | 4 |  4.1
Dodging        | |  0.8
Invocations    | |  2.4

Action                   |  1- 3 |  4- 6 || total
-------------------------+-------+-------++-------
Melee: Unarmed           |   153 |    65 ||   218
       Punch             |     4 |       ||     4
Invok: Depart the Abyss  |     1 |       ||     1
  Use: Potion            |     1 |       ||     1
       Scroll            |       |     1 ||     1
 Stab: Sleeping          |     1 |       ||     1
       Invisible         |       |     2 ||     2
Armor: Leather armour    |    37 |       ||    37
       Scale mail        |    14 |    16 ||    30
Dodge: Dodged            |   101 |    30 ||   131
